 Dungeon Crawl Stone Soup version 0.24.0-37-gcf1ca852f1 (webtiles) character file.

Game seed: 9538504986496921438, levelgen mode: deterministic

2219 MisterOstroum the Fighter (level 9, -1/75 HPs)
             Began as a Demonspawn Wanderer on Nov 28, 2019.
             Was a Follower of Makhleb.
             Slain by a centaur (4 damage)
             ... on level 7 of the Dungeon.
             The game lasted 00:44:16 (9723 turns).

MisterOstroum the Fighter (Demonspawn Wanderer)     Turns: 9723, Time: 00:44:17

Health: -1/75      AC: 10    Str: 14    XL:     9   Next: 13%
Magic:  11/11      EV: 13    Int: 15    God:    Makhleb [*.....]
Gold:   384        SH:  0    Dex: 13    Spells: 8/10 levels left

rFire    . . .     SeeInvis .   b - +0 rapier
rCold    . . .     Gourm    .   (no shield)
rNeg     . . .     Faith    +   L - +0 leather armour
rPois    .         Spirit   .   (no helmet)
rElec    .         Reflect  .   t - +0 cloak
rCorr    .         Harm     .   o - +0 pair of gloves
MR       .....                  C - +0 pair of boots
Stlth    +++.......             B - amulet of faith
HPRegen  0.22/turn              (no ring)
MPRegen  0.12/turn              (no ring)

@: invisible
A: talons 2, iridescent scales 2
a: Renounce Religion


You were on level 7 of the Dungeon.
You worshipped Makhleb.
Makhleb was aware of your devotion.
You were not hungry.

You visited 1 branch of the dungeon, and saw 7 of its levels.

You collected 384 gold pieces.

Inventory:

Hand Weapons
 a - a +2 dagger
 b - a +0 rapier (weapon)
 c - a +0 hunting sling
 H - a +0 shortbow
Missiles
 g - 26 sling bullets
 h - 26 bolts
 k - 201 stones
 s - 34 poisoned darts
 F - 4 atropa-tipped darts (quivered)
 I - 58 arrows
Armour
 n - a +0 chain mail
 o - a +0 pair of gloves (worn)
 t - a +0 cloak (worn)
 C - a +0 pair of boots (worn)
 L - a +0 leather armour (worn)
Jewellery
 B - an amulet of faith (around neck)
 K - an uncursed amulet of guardian spirit {unknown}
Wands
 x - a wand of random effects (15)
 N - a wand of polymorph (14)
Scrolls
 d - 3 scrolls of teleportation {@r3 !r}
 f - a scroll of noise {unknown}
 i - 2 scrolls of immolation
 r - a scroll of magic mapping {unknown}
 y - 6 scrolls of remove curse {@r2}
 D - a scroll of enchant weapon {unknown}
 E - a scroll of amnesia {unknown}
 G - a scroll of acquirement {unknown}
 O - a scroll of identify {@r1}
Potions
 j - a potion of haste {@q4 !q}
 l - 6 potions of curing {@q1 !q}
 m - 2 potions of mutation {unknown}
 p - a potion of magic {unknown}
 q - a potion of brilliance {unknown}
 u - a potion of ambrosia {unknown}
 v - 2 potions of berserk rage
 w - a potion of invisibility
 z - 2 potions of flight
 A - 2 potions of lignification {@q6}
 J - a potion of cancellation {unknown}
Comestibles
 e - 9 rations


   Skills:
 + Level 8.5 Fighting
 - Level 6.1 Short Blades
 - Level 0.4 Armour
 - Level 3.1 Dodging
 - Level 5.0 Stealth
   Level 1.0 Shields
 + Level 1.3 Spellcasting
 * Level 1.9 Translocations
 + Level 3.6 Invocations
 + Level 1.3 Evocations


You had 8 spell levels left.
You knew the following spells:

 Your Spells              Type           Power        Failure   Level  Hunger
B - Blink                 Tloc           N/A          21%         2    ###....

Your spell library contained the following spells:

 Spells                   Type           Power        Failure   Level  Hunger
 Flame Tongue             Conj/Fire      #....        30%         1    ##.....
 Magic Dart               Conj           #...         30%         1    ##.....
 Call Imp                 Summ           #.......     43%         2    ###....
 Slow                     Hex            #.......     43%         2    ###....
 Throw Flame              Conj/Fire      #.....       43%         2    ###....
 Conjure Flame            Conj/Fire      #.......     67%         3    ####...
 Inner Flame              Hex/Fire       #.......     67%         3    ####...
 Mephitic Cloud           Conj/Pois/Air  #.......     67%         3    ####...
 Sticky Flame             Conj/Fire      #.......     97%         4    #####..
 Fireball                 Conj/Fire      #.........   100%        5    ######.


Dungeon Overview and Level Annotations

Branches:
Dungeon (7/15)             Temple (0/1) D:7

Altars:
Ashenzari
Fedhas
Gozag
Kikubaaqudgha
Makhleb
Okawaru
Zin
The Shining One

Annotations:
D:4 Eustachio
D:5 exclusions: door and 2 slime creatures
D:7 exclusion: necrophage


Innate Abilities, Weirdness & Mutations

You have razor-sharp toenails.
You are mostly covered in iridescent scales. (AC +4)


Message History

The hippogriff claws you but does no damage.
You barely miss the centaur.
The centaur is moderately wounded.
The centaur hits you but does no damage.
The hippogriff bites you! The hippogriff misses you. The hippogriff claws you.
The centaur misses you.
You hit the centaur.
The centaur is moderately wounded.
The centaur hits you.
The hippogriff bites you but does no damage.
The hippogriff pecks you. The hippogriff claws you.
You hit the centaur.
The centaur is moderately wounded.
The centaur misses you.
You puncture the hippogriff!
The hippogriff is lightly wounded.
The centaur hits you but does no damage.
The hippogriff closely misses you. The hippogriff pecks you.
The hippogriff barely misses you.
Evoke which item? (* to show all) (? for menu, Esc to quit)
Aiming: Polymorph
Press: ? - help, Shift-Dir - straight line, f - centaur
Aim: a centaur (moderately wounded, chance to defeat MR: 50%)
Okay, then.
Quiver which item? (- for none, * to show all) (? for menu, Esc to quit)
Quivering
F - 7 atropa-tipped darts for throwing.
Drop what? 40/52 slots (_ for help) (? for menu, Esc to quit)
Okay, then.
Throwing (i - inventory. (/) - cycle)
F - 7 atropa-tipped darts (quivered)
Press: ? - help, Shift-Dir - straight line, f - hippogriff
Aim: a hippogriff (lightly wounded, chance to blind on hit: 16%)
You throw an atropa-tipped dart.
The atropa-tipped dart closely misses the hippogriff.
The centaur barely misses you. The hippogriff misses you.
The hippogriff pecks you but does no damage.
The hippogriff misses you.
The centaur hits you but does no damage.
Throwing (i - inventory. (/) - cycle)
F - 6 atropa-tipped darts (quivered)
Press: ? - help, Shift-Dir - straight line, f/p - hippogriff
Aim: a hippogriff (lightly wounded, chance to blind on hit: 16%)
You throw an atropa-tipped dart.
The atropa-tipped dart hits the hippogriff.
The hippogriff resists.
The hippogriff is lightly wounded.
The centaur hits you!
The hippogriff bites you but does no damage.
The hippogriff pecks you but does no damage.
The hippogriff claws you but does no damage.
Throwing (i - inventory. (/) - cycle)
F - 5 atropa-tipped darts (quivered)
Press: ? - help, Shift-Dir - straight line, f - centaur, p - hippogriff
Aim: a centaur (moderately wounded, chance to blind on hit: 72%)
You throw an atropa-tipped dart.
The atropa-tipped dart hits the centaur.
The centaur appears confused.
The centaur is moderately wounded.
The centaur misses you. The hippogriff closely misses you.
The hippogriff pecks you.
The hippogriff claws you but does no damage.
The centaur closely misses you.
You hit the centaur.
The centaur is heavily wounded.
The centaur seems less confused.
The hippogriff closely misses you. The hippogriff misses you.
The hippogriff closely misses you.
The centaur hits you but does no damage.
You hit the centaur.
The centaur is severely wounded.
The centaur wields a +0 shortbow.
The centaur shoots an arrow.
The arrow hits you. The hippogriff bites you.
The hippogriff closely misses you.
The hippogriff claws you but does no damage.
You hit the centaur.
The centaur is severely wounded.
The hippogriff bites you. The hippogriff closely misses you.
The hippogriff claws you but does no damage.
The centaur is no longer blind.
The hippogriff bites you! The hippogriff pecks you.
* * * LOW HITPOINT WARNING * * *
The hippogriff misses you.
The centaur shouts!
The centaur shoots an arrow.
The arrow hits you!
* * * LOW HITPOINT WARNING * * *
The centaur shoots an arrow.
The arrow barely misses you.
The arrow barely misses the hippogriff.
You see here an arrow.
Okay, then.
Really quaff
l - 7 potions of curing {@q1 !q}?
You feel better.
The centaur shoots an arrow.
The arrow hits you.
* * * LOW HITPOINT WARNING * * *
The hippogriff bites you but does no damage.
The hippogriff pecks you.
* * * LOW HITPOINT WARNING * * *
The hippogriff claws you.
* * * LOW HITPOINT WARNING * * *
The centaur unwields a +0 shortbow.
The centaur hits you.
* * * LOW HITPOINT WARNING * * *
You fade into invisibility!
The centaur misses you. The hippogriff barely misses you.
The hippogriff closely misses you. The hippogriff barely misses you.
The centaur hits you.
You die...

.......##+#.(......#
.......# #........#
..#'#### +........#
..#...#####........#
..+...##..#.....?..#
..#....#..#........#
###....#..#((......#
......##..#.(......#
.##...##..#..(.H@c.#
.##...##..#........#
..#.......#........#
..'.......#........#
.###..##..#........#
'###########+####+##
...# ...# ####


You could see a hippogriff and a centaur.

Vanquished Creatures
  2 phantoms
  An ice beast (D:5)
  A necrophage (D:7)
  An ogre (D:4)
  A centaur (D:6)
  3 big kobolds (D:5)
  3 bullfrogs
  3 scorpions
  A howler monkey (D:6)
  5 crimson imps
  2 jellies (D:6)
  A bullfrog zombie (D:5)
  3 hounds
  A centaur skeleton (D:4)
  3 orc priests
  3 bullfrog skeletons
  5 orc wizards
  Jessica (D:3)
  4 iguanas
  2 worker ants
  Ijyb (D:3)
  Natasha (thrice) (D:3 D:2)
  A hound skeleton (D:6)
  6 adders
  An adder skeleton (D:5)
  2 worms
  A dart slug (D:2)
  4 leopard geckos
  13 orcs
  7 bats
  8 giant cockroaches
  8 goblins
  4 hobgoblins
  2 jackals (D:4)
  3 quokkas
  5 ball pythons
  3 frilled lizards
  10 kobolds
  10 rats
138 creatures vanquished.

Vanquished Creatures (others)
  11 toadstools (D:5)
11 creatures vanquished.

Grand Total: 149 creatures vanquished

Notes
Turn   | Place    | Note
-------+----------+-------------------------------------------
     0 | D:1      | MisterOstroum the Demonspawn Wanderer began the quest for
                  | the Orb.
     0 | D:1      | MisterOstroum set off with the following items: a +2
                  | dagger, a potion of berserk rage, a +0 spear, a scroll of
                  | teleportation {@r3 !r}, a ration, a +0 robe
     0 | D:1      | Reached XP level 1. HP: 21/21 MP: 1/1
   221 | D:1      | Gained mutation: You are partially covered in iridescent
                  | scales. (AC +2) [demonic ancestry]
   221 | D:1      | Reached XP level 2. HP: 26/27 MP: 2/2
  1387 | D:2      | Gained mutation: You are mostly covered in iridescent
                  | scales. (AC +4) [demonic ancestry]
  1387 | D:2      | Reached XP level 3. HP: 29/33 MP: 3/3
  2400 | D:3      | Noticed Jessica
  2415 | D:3      | Killed Jessica
  2415 | D:3      | Reached XP level 4. HP: 39/39 MP: 4/4
  2533 | D:3      | Noticed Ijyb
  2548 | D:3      | Killed Ijyb
  2920 | D:3      | Reached XP level 5. HP: 39/46 MP: 5/5
  2998 | D:3      | Noticed Natasha
  3347 | D:4      | Noticed an ogre
  3387 | D:4      | Killed an ogre
  3387 | D:4      | Reached skill level 6 in Fighting
  3387 | D:4      | Gained mutation: You have sharp toenails. [demonic
                  | ancestry]
  3387 | D:4      | Reached XP level 6. HP: 33/52 MP: 6/6
  3605 | D:4      | Noticed Eustachio
  3745 | D:4      | Reached skill level 1 in Short Blades
  4318 | D:3      | Killed Natasha
  4673 | D:3      | Noticed Natasha
  4779 | D:3      | Killed Natasha
  5048 | D:3      | Noticed Natasha
  5069 | D:2      | Killed Natasha
  5430 | D:4      | Reached XP level 7. HP: 56/59 MP: 7/7
  5810 | D:5      | Entered Level 5 of the Dungeon
  5855 | D:5      | Reached skill level 5 in Stealth
  5873 | D:5      | Found a shattered altar of Ashenzari.
  6504 | D:5      | Reached skill level 7 in Fighting
  6795 | D:5      | Noticed a slime creature
  6795 | D:5      | Noticed a slime creature
  6934 | D:5      | Gained mutation: You have razor-sharp toenails. [demonic
                  | ancestry]
  6934 | D:5      | Reached XP level 8. HP: 58/67 MP: 8/8
  7285 | D:6      | Reached skill level 5 in Short Blades
  7402 | D:6      | Found a glowing golden altar of the Shining One.
  7402 | D:6      | Found a burning altar of Makhleb.
  7407 | D:6      | Found an iron altar of Okawaru.
  7409 | D:6      | Found an opulent altar of Gozag.
  7410 | D:6      | Found a faded altar of an unknown god.
  7429 | D:6      | Became a worshipper of Makhleb the Destroyer
  7547 | D:6      | Reached skill level 1 in Invocations
  8210 | D:6      | Reached skill level 8 in Fighting
  8985 | D:7      | Learned a level 2 spell: Blink
  9014 | D:7      | Found a glowing silver altar of Zin.
  9040 | D:7      | Found a blossoming altar of Fedhas.
  9042 | D:7      | Found an ancient bone altar of Kikubaaqudgha.
  9098 | D:7      | Reached skill level 1 in Translocations
  9223 | D:7      | Reached XP level 9. HP: 72/74 MP: 11/11
  9299 | D:7      | Found a staircase to the Ecumenical Temple.
  9312 | D:7      | Reached skill level 1 in Evocations
  9324 | D:7      | Reached skill level 1 in Spellcasting
  9551 | D:7      | Reached * piety under Makhleb
  9722 | D:7      | HP: 3/75 [centaur (2)]
  9723 | D:7      | Slain by a centaur

Levels and vault maps discovered:
D:1:      dpeg_arrival_oval, layout_basic
D:2:      layout_basic, roderic_serpentine_path, st_stairs_4, minmay_distorted
D:3:      layout_rooms, uniq_jessica, uniq_ijyb, uniq_natasha
D:4:      layout_rooms, first_ration, chequers_serial_rivers_micro_b,
          uniq_eustachio
D:5:      cheibrodos_fertilizer, layout_basic, chequers_ossuary_entry_cave,
          evilmike_ruin_ashenzari, uniq_crazy_yiuf_cottage
D:6:      layout_gridville, chequers_temple_overflow_minitemple
D:7:      layout_gridville, grunt_temple_overflow_growth_and_decay,
          minmay_temple_entry_arrows, basic_altar

Skill      XL: |  1  2  3  4  5  6  7  8  9 |
---------------+----------------------------+-----
Stealth        | 3 4 5 |  5.0
Dodging        | 2 3 |  3.1
Fighting       | 6 7 8 |  8.5
Short Blades   | 2 4 6 |  6.1
Invocations    | 3 |  3.6
Translocations | 1 |  1.9
Evocations     | 1 |  1.3
Spellcasting   | 1 |  1.3
Armour         | |  0.4
Shields        | |  1.0

Action                   |  1- 3 |  4- 6 |  7- 9 || total
-------------------------+-------+-------+-------++-------
Melee: Dagger            |   101 |   172 |   139 ||   412
       Kick              |       |     1 |       ||     1
       Short sword       |       |       |   150 ||   150
       Rapier            |       |       |   179 ||   179
       Unarmed           |       |       |     3 ||     3
 Fire: Hunting sling     |     2 |    23 |    19 ||    44
       Shortbow          |       |       |     8 ||     8
Throw: Stone             |    10 |    38 |     2 ||    50
       Dart              |     9 |    57 |    58 ||   124
Evoke: Wand              |       |     1 |       ||     1
  Use: Scroll            |       |     1 |     7 ||     8
       Potion            |       |     1 |     3 ||     4
 Stab: Sleeping          |    10 |     2 |     8 ||    20
       Invisible         |       |       |     3 ||     3
  Eat: Chunk             |     5 |     9 |    11 ||    25
       Ration            |       |       |     1 ||     1
Armor: Robe              |    21 |    48 |    72 ||   141
       Chain mail        |       |       |    64 ||    64
       Leather armour    |       |       |    57 ||    57
       Skin              |       |       |     6 ||     6
Dodge: Dodged            |    60 |   104 |   245 ||   409
